Map: Base du roi Sejong EC

Players

zidar

  • Race: Zerg Zerg
  • League: Gold
  • Spawn Location: 11:00

BlackWidowK - Winner!

  • Race: Zerg Zerg
  • League: Platinum
  • Spawn Location: 5:00

VOD

Have the link to the VOD?

Description

Time

  • Played on: June 18, 2016, 9:57 a.m.
  • Length: 11:33
Show
View Real Time Build Order
Export as new Build Order

zidar Zerg 

Build Orders: Pool First 

Get SALT Encoding   

  12  0:01  Drone  
  13  0:12  Overlord  
  13  0:17  Drone  
  14  0:30  Drone x2  
  16  0:41  Spawning Pool  
  15  0:45  Drone  
  16  1:10  Hatchery  
  15  1:12  Drone  
  15  1:16  Extractor  
  15  1:18  Drone  
  16  1:36  Zergling x4  
  16  1:37  Zergling x2  
  19  1:44  Queen  
  21  1:55  Spine Crawler  
  20  2:15  Metabolic Boost  
  20  2:20  Queen  
  23  2:41  Spine Crawler  
  23  2:43  Zergling x2  
  23  2:44  Zergling x4  
  22  3:26  Zergling x12  
  28  3:43  Overlord x2  
  21  4:32  Zergling x4  
  21  4:33  Zergling x18  
  30  4:42  Zergling x6  
  33  4:49  Zergling x2  
  33  4:50  Zergling x2  
  35  4:56  Evolution Chamber, Drone x2  
  35  4:57  Drone x2  
  36  5:25  Zergling x14  
  43  5:30  Zerg Melee Weapons Level 1  
  43  5:38  Overlord x2  
  42  6:00  Zergling x12  
  30  6:30  Zergling x6  
  30  6:31  Zergling x10  
  36  6:48  Zergling x10  
  41  6:58  Zergling x6  
  26  7:42  Drone x12  
  37  7:56  Roach Warren  
  36  8:09  Extractor  
  35  8:13  Extractor  
  35  8:14  Extractor  
  35  8:15  Drone x5  
  38  8:24  Zerg Missile Weapons Level 1  
  35  8:43  Roach x3  
  35  8:47  Roach x5  
  35  8:48  Roach  
  53  8:55  Spine Crawler  
  53  9:01  Roach x2  
  56  9:16  Ravager x3  
  60  9:17  Ravager  
  60  9:20  Overlord x3  
  49  9:43  Roach x4  
  49  9:44  Roach x4  
  65  9:46  Ravager  
  65  9:47  Ravager  
  67  9:57  Lair  
  67  10:10  Ravager  
  67  10:11  Ravager x2  
  72  10:14  Roach x4  
  78  10:46  Roach x3  
Show
View Real Time Build Order
Export as new Build Order

BlackWidowK Zerg - Winner!

Build Orders: Hatch First 

Get SALT Encoding   

  12  0:01  Drone  
  13  0:12  Overlord  
  13  0:17  Drone  
  14  0:26  Extractor, Drone  
  15  0:39  Drone x2  
  17  0:55  Hatchery  
  16  0:59  Drone  
  16  1:00  Drone  
  18  1:05  Extractor  
  17  1:19  Spawning Pool  
  17  1:21  Drone  
  17  1:22  Drone  
  18  1:37  Drone  
  19  1:51  Drone x2  
  21  1:59  Extractor  
  20  2:06  Roach Warren  
  20  2:07  Queen  
  21  2:08  Queen  
  23  2:21  Drone x3  
  26  2:30  Drone x2  
  27  2:45  Spine Crawler  
  25  2:55  Roach x2  
  26  3:14  Roach  
  28  3:24  Overlord x2  
  28  3:42  Queen x2  
  28  3:48  Roach x2  
  36  4:04  Roach x3  
  36  4:18  Roach x2  
  38  4:31  Roach  
  36  4:50  Drone  
  37  5:01  Drone x2  
  37  5:02  Drone  
  40  5:08  Drone x2  
  42  5:21  Roach  
  42  5:23  Overlord  
  44  5:41  Queen x2  
  48  5:44  Drone  
  48  5:45  Drone  
  48  5:59  Roach x2  
  48  6:03  Overlord  
  48  6:21  Roach x4  
  48  6:22  Roach  
  48  6:31  Drone x3  
  49  6:44  Drone x3  
  49  6:45  Drone  
  53  6:50  Spine Crawler  
  53  6:51  Lair  
  52  6:57  Drone  
  52  6:58  Drone  
  54  7:04  Spine Crawler  
  54  7:06  Spine Crawler  
  52  7:14  Drone x2  
  46  7:35  Roach x2  
  46  7:36  Roach x3  
  52  7:43  Roach x2  
  56  7:52  Roach x2  
  60  8:04  Spire, Drone  
  60  8:06  Overlord  
  60  8:10  Overseer  
  60  8:17  Extractor  
  60  8:18  Extractor  
  58  9:06  Queen x2  
  62  9:17  Hatchery  
  62  9:18  Mutalisk x2  
  62  9:19  Mutalisk  
  62  9:21  Overlord x2  
  57  9:44  Mutalisk x4  
  63  9:55  Drone  
  63  9:56  Drone x2  
  66  10:11  Queen  
  68  10:17  Drone x2  
  70  10:26  Drone x3  
  73  10:37  Mutalisk x2  
  77  10:47  Mutalisk  
  80  10:50  Drone x2  
Tags
 
Add a new tag
Caveats
  • Supply blocks, unpowered buildings, or Contaminate may cause inaccurate times.
  • Supply counts are checked every 10 seconds.